 Seeded DCSS version 0.25.1-8-g42b30a86e7 (webtiles) character file.

Game seed: 20201210 (custom seed)

14 radhat240 the Sneak (level 2, -3/26 HPs)
             Began as a Naga Assassin on Dec 14, 2020.
             Was an Initiate of Dithmenos.
             Slain by Pikel
             ... wielding a +2 whip of flaming
              (4 damage)
             ... on level 5 of the Dungeon.
             The game lasted 00:05:36 (714 turns).

radhat240 the Sneak (Naga Assassin)                  Turns: 714, Time: 00:05:36

Health: -3/26      AC:  3    Str:  8    XL:     2   Next: 41%
Magic:  2/2        EV:  9    Int: 11    God:    Dithmenos [......]
Gold:   30         SH:  0    Dex: 12    Spells: 1/1 levels left

rFire    . . .     SeeInvis +   k - +8 dagger "Nayrioqem" {elec, rElec rN+++ Str-5 Stlth+}
rCold    . . .     Gourm    .   (no shield)
rNeg     + + +     Faith    .   b - +0 robe
rPois    +         Spirit   .   (no helmet)
rElec    +         Reflect  .   c - +1 cloak
rCorr    .         Harm     .   (no gloves)
MR       .....                  (no barding)
Stlth    ++++......             i - amulet of regeneration
HPRegen  0.48/turn              (no ring)
MPRegen  0.08/turn              (no ring)

@: very slow
A: large, see invisible, deformed body, poison resistance, slowness 2, slow
metabolism 1, spit poison 1, AC +0
a: Spit Poison, Renounce Religion


You were on level 5 of the Dungeon.
You worshipped Dithmenos.
Dithmenos was noncommittal.
You were not hungry.

You visited 1 branch of the dungeon, and saw 5 of its levels.

You collected 30 gold pieces.

Inventory:

Hand Weapons
 a - a +2 dagger
 k - the +8 dagger "Nayrioqem" (weapon) {elec, rElec rN+++ Str-5 Stlth+}
   (You found it on level 5 of the Dungeon)

   Occasionally, upon striking a foe, it will discharge some electrical energy
   and cause terrible harm.
   It affects your strength (-5).
   It insulates you from electricity.
   It renders you almost immune to negative energy.
   It makes you more stealthy.
Missiles
 d - 8 poisoned darts (quivered)
 e - 2 curare-tipped darts
 h - 7 atropa-tipped darts
Armour
 b - a +0 robe (worn)
 c - a +1 cloak (worn)
Jewellery
 i - an amulet of regeneration (around neck)
Scrolls
 g - a scroll of identify {unknown}
Potions
 j - a potion of curing {unknown}
Comestibles
 f - 2 rations


   Skills:
 + Level 2.0 Fighting
 * Level 2.1 Short Blades
 + Level 1.9 Throwing
 * Level 0.8 Dodging
 * Level 6.6 Stealth


You had one spell level left.
You didn't know any spells.
Your spell library was empty.

Dungeon Overview and Level Annotations

Branches:
Dungeon (5/15)
 Temple: D:4-7

Altars:
Dithmenos
Vehumet
Yredelemnul

Annotations:
D:5 Pikel


Innate Abilities, Weirdness & Mutations

You cannot wear boots.
Your serpentine skin is tough. (AC +0)
You have supernaturally acute eyesight. (SInv)
Armour fits poorly on your strangely shaped body.
Your system is resistant to poisons. (rPois)
You cover ground very slowly.
You have a slow metabolism.
You can spit poison.


Message History

You now have 30 gold pieces (gained 17).
Found a stone staircase leading down.
A slave comes into view. 2 slaves and Pikel come into view.
Pikel is wielding a +2 whip of flaming.
The slave shouts! x2; You hear a shout!
The slave hits you. x2
A slave comes into view.
You hit Pikel. Lightning courses through Pikel!
Pikel is heavily wounded.
The slave closely misses you.
Pikel hits you with a +2 whip of flaming!
Pikel burns you.
* * * LOW HITPOINT WARNING * * *
The slave misses you.
You puncture Pikel!
Pikel is severely wounded.
The slave hits you.
* * * LOW HITPOINT WARNING * * *
Pikel hits you with a +2 whip of flaming.
You die...

#..
##!.
+$#...#
# ..
#...#
#. #^
..#
##.###.
###
.......
#
.....##
..pp#
#K.##
###
#@p#
..#
#.p##
#.#
####..#
#.#
#....>#
#.#
#.#####
#.# #.#
#.# #.#
#.# #.#
#.# #.#


You could see Pikel and 4 slaves.

Vanquished Creatures
  An adder (D:2)
  2 hobgoblins (D:2)
  A kobold (D:2)
  A frilled lizard (D:2)
5 creatures vanquished.

Notes
Turn   | Place    | Note
-------+----------+-------------------------------------------
     0 | D:1      | radhat240 the Naga Assassin began the quest for the Orb.
     0 | D:1      | Reached XP level 1. HP: 19/19 MP: 1/1
   109 | D:2      | Reached skill level 6 in Stealth
   252 | D:2      | Found a radiant altar of Vehumet.
   253 | D:2      | Found a basalt altar of Yredelemnul.
   254 | D:2      | Found a shadowy altar of Dithmenos.
   315 | D:2      | Became a worshipper of Dithmenos the Shadowed
   333 | D:2      | Reached XP level 2. HP: 14/26 MP: 2/2
   537 | D:5      | Entered Level 5 of the Dungeon
   544 | D:5      | Got a faintly glowing dagger
   545 | D:5      | Identified the +8 dagger "Nayrioqem" {elec, rElec rN+++
                  | Str-5 Stlth+} (You found it on level 5 of the Dungeon)
   665 | D:5      | Noticed an ice beast
   708 | D:5      | Noticed a slave
   709 | D:5      | Noticed Pikel
   709 | D:5      | Noticed a slave
   709 | D:5      | Noticed a slave
   712 | D:5      | Noticed a slave
   714 | D:5      | HP: 1/26 [slave[Pikel] (2)]
   714 | D:5      | Slain by Pikel

Illustrated notes

Levels and vault maps discovered:
D:1:      dpeg_arrival_snail, layout_basic
D:2:      layout_basic, chequers_temple_overflow_statue_of_worship,
          minmay_hedge_maze, minmay_misc_feat_five
D:3:      layout_basic
D:4:      layout_loops_ring, tgw_trog, first_ration, minmay_distorted
D:5:      layout_basic, kennysheep_nub, minmay_fractal_squares_diagonal_5,
          uniq_pikel

Skill      XL: |  1 |
---------------+----+-----
Stealth        | 6 |  6.6
Fighting       | |  2.0
Short Blades   | |  2.1
Throwing       | |  1.9
Dodging        | |  0.8

Action                   || total
-------------------------++-------
Melee: Dagger            ||    24
  Use: Scroll            ||     3
Armor: Robe              ||     4
Dodge: Dodged            ||     8
